 Dungeon Crawl Stone Soup version 0.23-a0-448-g1c01f63 (console) character file.

182774 utis the Fighter (level 19, -2/153 HPs)
             Began as a Human Warper on Nov 17, 2018.
             Slain by a spark wasp (20 damage)
             ... on level 4 of the Spider Nest on Nov 19, 2018.
             The game lasted 04:11:52 (70454 turns).

utis the Fighter (Human Warper)                    Turns: 70454, Time: 04:11:53

Health: -2/153     AC: 28    Str: 19    XL:     19   Next: 4%
Magic:  0/25       EV: 12    Int: 15    God:
Gold:   746        SH:  0    Dex: 12    Spells: 7/24 levels left

rFire    + + .     SeeInvis .   q - +2 lajatang (vamp)
rCold    + . .     Gourm    .   (shield currently unavailable)
rNeg     . . .     Faith    +   e - +4 plate armour {MR+}
rPois    +         Spirit   .   g - +2 helmet
rElec    +         Reflect  .   z - +0 cloak
rCorr    +         Harm     .   y - +1 pair of gloves {archery}
MR       +++..                  v - +0 pair of boots
Stlth    ..........             K - amulet of Prescription {Faith rElec rPois rF+}
HPRegen  0.35/turn              Z - ring of wizardry {=R}
MPRegen  0.19/turn              M - ring of protection from magic

@: resistant, very slightly contaminated
A: no striking features
a: no special abilities


You were on level 4 of the Spider Nest.
You were not hungry.

You visited 4 branches of the dungeon, and saw 27 of its levels.
You also visited: Ice Cave.

You collected 4017 gold pieces.
You spent 3271 gold pieces at shops.

Inventory:

Hand Weapons
 q - a +2 vampiric lajatang (weapon)
 u - the +8 short sword "Anta" {pierce, *Drain +Blink +Rage Str+3}
   (You took it off a centaur on level 12 of the Dungeon)

   It inflicts extra damage upon your enemies.
   It affects your strength (+3).
   It lets you blink.
   It lets you go berserk.
   It causes draining when unequipped.
 N - a +1 dire flail of draining
Missiles
 h - 2 poisoned tomahawks
 j - 85 sling bullets
 n - 517 stones (quivered)
 x - 270 arrows
 G - 67 tomahawks
 S - 4 silver tomahawks
 V - 6 javelins
 Y - 33 bolts
Armour
 e - a +4 plate armour of magic resistance (worn)
 g - a +2 helmet (worn)
 v - a +0 pair of boots (worn)
 y - a +1 pair of gloves of archery (worn)
 z - a +0 cloak (worn)
Jewellery
 p - an uncursed amulet of the acrobat
 C - an uncursed ring of ice
 E - an uncursed ring of fire {unknown}
 F - an uncursed ring of protection from fire
 K - the amulet of Prescription (around neck) {Faith rElec rPois rF+}
   (You bought it in a shop on level 8 of the Dungeon)

   [amulet of faith]

   It allows you to gain divine favour quickly.
   It protects you from fire.
   It insulates you from electricity.
   It protects you from poison.
 M - a ring of protection from magic (right hand)
 P - an uncursed ring of poison resistance
 Q - an uncursed ring of stealth
 W - an uncursed ring of magical power
 Z - a ring of wizardry (left hand) {=R}
Wands
 a - a wand of digging (4)
 c - a wand of iceblast (27)
 m - a wand of paralysis (19)
 I - a wand of flame (46)
 J - a wand of polymorph (12)
 L - a wand of clouds (9)
Scrolls
 b - 3 scrolls of magic mapping
 o - 20 scrolls of remove curse {@r2}
 w - 14 scrolls of identify {@r1}
Potions
 k - a potion of might
 r - a potion of ambrosia
 s - 10 potions of curing {@q1}
 t - a potion of berserk rage {!q}
 A - 4 potions of flight
 B - a potion of brilliance
 D - a potion of magic {unknown}
 T - 2 potions of lignification
Miscellaneous
 l - a phial of floods
 O - a lamp of fire (inert)
 R - a sack of spiders
 U - a lightning rod (4/4)
 X - a lamp of fire (inert)
Comestibles
 f - 23 rations


   Skills:
 - Level 14.7 Fighting
 - Level 2.9 Short Blades
 - Level 10.7(13.1) Maces & Flails
 - Level 12.5(14.0) Staves
 - Level 7.2 Throwing
 - Level 12.2 Armour
 + Level 13.2 Dodging
 - Level 3.0 Spellcasting
 - Level 3.0 Charms
 - Level 12.0 Translocations
 - Level 9.0 Evocations


You had 7 spell levels left.
You knew the following spells:

 Your Spells              Type           Power        Failure   Level  Hunger
c - Regeneration          Chrm/Necr      #.........   87%         3    ###....
d - Passage of Golubria   Tloc           N/A          9%          4    #####..
g - Shroud of Golubria    Chrm/Tloc      ###.......   9%          2    ##.....
o - Teleport Other        Tloc           #####...     2%          3    ###....
v - Blink                 Tloc           N/A          1%          2    ##.....
Y - Lesser Beckoning      Tloc           #####.....   2%          3    ###....

Your spell library contained the following spells:

 Spells                   Type           Power        Failure   Level  Hunger
 Gell's Gravitas          Tloc           #####.....   2%          3    ###....
 Animate Skeleton         Necr           N/A          75%         1    #......
 Beastly Appendage        Tmut           #.....       75%         1    #......
 Corona                   Hex            #......      75%         1    #......
 Flame Tongue             Conj/Fire      #....        75%         1    #......
 Pain                     Necr           #...         75%         1    #......
 Summon Small Mammal      Summ           #...         75%         1    #......
 Call Imp                 Summ           #.......     86%         2    ##.....
 Ensorcelled Hibernation  Hex/Ice        #.....       86%         2    ##.....
 Sticks to Snakes         Tmut           #.......     86%         2    ##.....
 Throw Flame              Conj/Fire      #.....       86%         2    ##.....
 Call Canine Familiar     Summ           #.......     97%         3    ###....
 Confuse                  Hex            #.......     97%         3    ###....
 Conjure Flame            Conj/Fire      #.......     97%         3    ###....
 Dazzling Spray           Conj/Hex       #.....       97%         3    ###....
 Inner Flame              Hex/Fire       #.......     97%         3    ###....
 Spider Form              Tmut/Pois      #.........   97%         3    ###....
 Summon Guardian Golem    Hex/Summ       #.......     97%         3    ###....
 Tukima's Dance           Hex            #.......     97%         3    ###....
 Vampiric Draining        Necr           #.........   97%         3    ###....
 Animate Dead             Necr           N/A          100%        4    #####..
 Ice Form                 Ice/Tmut       #.......     100%        4    #####..
 Sticky Flame             Conj/Fire      #.......     100%        4    #####..
 Summon Ice Beast         Ice/Summ       #.......     100%        4    #####..
 Summon Lightning Spire   Summ/Air       #.......     100%        4    #####..
 Blade Hands              Tmut           #.........   100%        5    ######.
 Fireball                 Conj/Fire      #.........   100%        5    ######.


Dungeon Overview and Level Annotations

Branches:
Dungeon (15/15)            Temple (0/1) D:5            Lair (6/6) D:8
  Swamp (0/4) Lair:3       Spider (4/4) Lair:3        Slime (0/5) Lair:6
    Orc (2/2) D:10            Elf (0/3) Orc:2        Vaults (0/5) D:13
 Depths (0/5) D:15

Altars:
Ashenzari
Cheibriados
Dithmenos
Gozag
Hepliaklqana
Kikubaaqudgha
Makhleb
Nemelex Xobeh
Okawaru
Qazlal
Ru
Sif Muna
Trog
Wu Jian
Yredelemnul
Beogh

Shops:
D:8 *   D:10 }   D:12 %   Orc:2 [[[*

Annotations:
D:5 Grinder
D:14 exclusion: Roxanne, Roxanne
Spider:2 1 runed door, Anypt's ghost, journeyman DsGl
Spider:4 1 exclusion


Message History

Unknown command.
Unknown command.
Evoke which item? (* to show all) (? for menu, Esc to quit)
Aiming: Paralyse
Press: ? - help, Shift-Dir - straight line, f - spark wasp
Aim: a spark wasp (chance to defeat MR: 53%)
The spark wasp resists with significant effort.
The spark wasp stings you!
* * * LOW HITPOINT WARNING * * *
The spark wasp shocks you. You resist.
* * * LOW HITPOINT WARNING * * *
Unknown command.
Evoke which item? (* to show all) (? for menu, Esc to quit)
Aiming: Paralyse
Press: ? - help, Shift-Dir - straight line, f/p - spark wasp
Aim: a spark wasp (chance to defeat MR: 53%)
The spark wasp resists with significant effort.
The spark wasp stings you but does no damage.
The spark wasp stings you!!
You die...

..░.░░.....░░░.░...^░░░.....░░░
..░░░.^..░.░^░......░.░...^.░
░<....^.......^.....^..░^..░░
............^.░......░░░░░░░
..............░░░░░░░░
░░.........░░░░ ▒▒▒▒'''▒▒▒▒
▒▒▒▒▒ ▒▒ ▒...▒ ▒▒≈.≈▒▒▒
^▒▒▒▒...▒▒ ▒▒≈p....▒▒
..▒▒....≈▒▒ ▒≈..y...≈▒▒
≈..≈▒▒≈...▒▒▒▒≈...▒≈...▒▒
▒≈^.▒▒....≈▒▒...≈▒▒▒...≈▒
▒...≈.....≈▒≈.≈▒▒▒ ▒≈..▒▒
▒▒≈≈...≈.....≈≈▒▒▒▒▒≈..≈▒
.▒▒▒..≈▒▒.≈≈≈▒▒▒..▒▒≈..≈▒ .▒
▒▒▒▒▒▒▒▒▒▒▒▒.≈≈≈≈..≈▒▒ ▒▒
▒▒▒▒▒▒▒▒▒▒▒.≈≈≈≈s▒▒▒


You could see a spark wasp.

Vanquished Creatures
  Rupert (D:13)
  Frances (D:14)
  A sphinx (D:12)
  Gastronok (D:10)
  Agnes (Spider:3)
  A fire giant (D:12)
  A ghost moth (Spider:3)
  An orc warlord (Orc:2)
  An emperor scorpion (Spider:2)
  3 stone giants
  4 entropy weavers
  3 spark wasps
  Snorg (Lair:3)
  2 ettins (Orc:1)
  Fannar (Lair:3)
  An ice dragon (Lair:6)
  8 vault guards
  4 catoblepae
  6 hydras
  4 centaur warriors
  5 two-headed ogres
  A queen ant (Spider:4)
  An alligator (D:13)
  A deep troll earth mage (D:12)
  6 death yaks
  Urug (D:12)
  10 skeletal warriors
  3 unseen horrors
  A flayed ghost (D:14)
  A wizard (D:12)
  7 orc knights
  A necromancer (D:15)
  2 lindwurms (Lair:6)
  15 orb spiders
  24 wolf spiders
  3 orc sorcerers
  An ugly thing (D:12)
  20 cyclopes
  A fire giant zombie (D:15)
  2 moths of wrath
  A stone giant zombie (D:15)
  A cyclops (shapeshifter) (D:12)
  3 manticores
  2 ice statues (IceCv)
  6 black mambas
  13 elephants
  11 spiny frogs
  7 torpor snails
  6 kobold demonologists
  2 gargoyles
  18 demonic crawlers
  An efreet (D:14)
  5 komodo dragons
  4 rime drakes (Lair:6)
  6 ice devils (IceCv)
  A freezing wraith (D:15)
  A guardian mummy (D:14)
  A queen bee (Spider:1)
  33 jumping spiders
  4 tyrant leeches (Lair:6)
  11 hornets
  3 meliai (Spider:1)
  13 hippogriffs
  6 trolls
  25 blink frogs
  7 slime creatures
  2 spriggan zombies (D:15)
  23 tarantellas
  13 spriggans
  79 redbacks
  42 yaks
  2 shadows
  A vampire (D:11)
  A water elemental (D:12)
  4 wyverns
  3 wraiths
  Eustachio (D:4)
  4 hogs (D:8)
  3 basilisks
  3 hungry ghosts
  A human (D:8)
  2 vampire mosquitoes (D:13)
  Edmund (D:3)
  9 wargs
  22 soldier ants
  15 water moccasins
  7 porcupines
  A hornet zombie (D:11)
  58 orc warriors
  5 sky beasts
  4 black bears
  5 ice beasts
  2 phantoms
  A necrophage (D:8)
  15 ogres
  11 wolves
  13 crocodiles
  16 centaurs
  8 big kobolds
  14 bullfrogs
  Blork the orc (D:4)
  A wyvern zombie (D:13)
  6 scorpions
  42 killer bees
  4 wights (D:11)
  5 howler monkeys
  6 electric eels
  7 crimson imps
  10 jellies
  3 centaur zombies
  4 bullfrog zombies
  8 centaur skeletons
  13 orc priests
  3 hounds
  5 bullfrog skeletons
  A gnoll shaman (D:5)
  Jessica (D:3)
  2 iguanas
  22 orc wizards
  35 worker ants
  2 hound zombies
  A worker ant zombie (D:9)
  7 gnolls
  4 adders
  A howler monkey skeleton (D:8)
  3 shadow imps
  15 white imps
  3 ufetubi (IceCv)
  An ooze (D:3)
  3 adder zombies
  2 adder skeletons
  A worm (D:2)
  A dart slug (D:2)
  7 leopard geckos
  127 orcs
  11 bats
  3 giant cockroaches
  7 goblins
  8 hobgoblins
  16 jackals
  22 kobolds
  6 quokkas
  5 frilled lizards
  A leopard gecko skeleton (D:5)
  A leopard gecko zombie (D:5)
  A quokka skeleton (D:5)
  A quokka zombie (D:6)
  5 rats
1178 creatures vanquished.

Vanquished Creatures (collateral kills)
  A hydra (D:14)
  A centaur skeleton (D:14)
  A hippogriff (D:14)
  A wraith (D:14)
  3 yaks (D:14)
7 creatures vanquished.

Vanquished Creatures (others)
  A demonic crawler (Spider:1)
  A hippogriff (Lair:6)
  A human (D:4)
  7 white imps (IceCv)
  7 ufetubi (IceCv)
  A bush (Lair:5)
  35 fungi
  44 plants
97 creatures vanquished.

Grand Total: 1282 creatures vanquished

Notes
Turn   | Place    | Note
-------+----------+-------------------------------------------
     0 | D:1      | utis the Human Warper began the quest for the Orb.
     0 | D:1      | Reached XP level 1. HP: 16/16 MP: 3/3
   136 | D:1      | Reached XP level 2. HP: 16/22 MP: 5/5
   144 | D:1      | Learned a level 2 spell: Shroud of Golubria
   147 | D:1      | Learned a level 2 spell: Blink
   771 | D:1      | Reached XP level 3. HP: 27/27 MP: 3/6
  1536 | D:2      | Found a bloodstained altar of Trog.
  1969 | D:2      | Reached XP level 4. HP: 33/33 MP: 7/7
  2225 | D:2      | Learned a level 3 spell: Teleport Other
  2641 | D:3      | Found a basalt altar of Yredelemnul.
  2757 | D:3      | Noticed Jessica
  2786 | D:3      | Killed Jessica
  2786 | D:3      | Reached skill level 3 in Fighting
  2786 | D:3      | Reached XP level 5. HP: 27/41 MP: 8/8
  3022 | D:3      | Found a stormy altar of Qazlal.
  3592 | D:3      | Found a deep blue altar of Sif Muna.
  3623 | D:3      | Noticed a black bear
  3825 | D:3      | Reached XP level 6. HP: 31/47 MP: 9/9
  4458 | D:4      | Noticed an ogre
  4503 | D:4      | Noticed Edmund
  4739 | D:3      | Reached XP level 7. HP: 52/52 MP: 11/11
  4914 | D:4      | fuck
  5233 | D:4      | Reached skill level 1 in Charms
  5502 | D:3      | Killed Edmund
  5930 | D:4      | Found an ancient bone altar of Kikubaaqudgha.
  5931 | D:4      | Noticed a human
  5934 | D:4      | Killed a human
  5952 | D:4      | Reached skill level 4 in Fighting
  5965 | D:4      | Noticed Blork the orc
  5998 | D:4      | Killed Blork the orc
  5998 | D:4      | Reached XP level 8. HP: 46/60 MP: 12/12
  6133 | D:4      | Found a shadowy altar of Dithmenos.
  6133 | D:4      | Found an iron altar of Okawaru.
  6153 | D:4      | Found a hazy altar of Hepliaklqana.
  6169 | D:4      | Got a steaming ring mail
  6240 | D:4      | Noticed Eustachio
  6277 | D:4      | Killed Eustachio
  6572 | D:5      | Entered Level 5 of the Dungeon
  6608 | D:5      | Reached skill level 5 in Fighting
  6994 | D:4      | Identified the +5 ring mail of Nogoba {*Slow rN++ Regen+}
                  | (You found it on level 4 of the Dungeon)
  6994 | D:4      | hmmm
  7150 | D:5      | Noticed Grinder
  7305 | D:5      | Reached skill level 6 in Fighting
  7305 | D:5      | Reached skill level 5 in Armour
  7319 | D:5      | Learned a level 4 spell: Passage of Golubria
  7361 | D:5      | Reached XP level 9. HP: 69/69 MP: 13/13
  7416 | D:5      | Found a shattered altar of Ashenzari.
  7536 | D:4      | Reached skill level 5 in Translocations
  7883 | D:5      | Found a staircase to the Ecumenical Temple.
  8045 | D:4      | sigh
  8137 | D:6      | Found an opulent altar of Gozag.
  8746 | D:6      | Reached skill level 1 in Short Blades
  9190 | D:7      | Noticed a hippogriff
  9504 | D:6      | Killed a hippogriff
  9504 | D:6      | Reached skill level 7 in Fighting
 10220 | D:7      | You fall through a shaft for 3 floors!
 10220 | D:10     | Entered Level 10 of the Dungeon
 10405 | D:10     | Found a staircase to the Orcish Mines.
 10636 | D:10     | Noticed a komodo dragon
 10684 | D:10     | Killed a komodo dragon
 10684 | D:10     | Reached XP level 10. HP: 28/79 MP: 14/14
 11226 | D:10     | You fall through a shaft!
 11227 | D:11     | seriously
 11263 | D:11     | Reached skill level 5 in Dodging
 11464 | D:11     | Noticed a cyclops
 11523 | D:11     | Noticed a sea snake
 11622 | D:11     | Killed a cyclops
 11622 | D:11     | Reached skill level 5 in Evocations
 12135 | D:11     | Noticed a gargoyle
 12610 | D:11     | Noticed a kobold demonologist
 12673 | D:11     | Noticed a kobold demonologist
 12710 | D:11     | Noticed a rust devil
 12711 | D:11     | Killed a kobold demonologist
 12726 | D:11     | Killed a kobold demonologist
 13034 | D:10     | Noticed Gastronok
 13265 | D:11     | Reached XP level 11. HP: 75/84 MP: 15/15
 13886 | D:10     | ah.
 13956 | D:10     | Killed an unseen horror
 14310 | D:9      | Found a burning altar of Makhleb.
 14314 | D:9      | Found an ornate altar of the Wu Jian Council.
 14316 | D:9      | Found a snail-covered altar of Cheibriados.
 14335 | D:9      | Found a sparkling altar of Nemelex Xobeh.
 15375 | D:9      | Reached skill level 8 in Fighting
 16971 | D:7      | Found a sacrificial altar of Ru.
 17548 | D:8      | gaaaaaaaaaaaaah
 17624 | D:8      | Found a staircase to the Lair.
 18317 | D:8      | Reached skill level 9 in Fighting
 18493 | D:8      | Found Houlaecwu's Assorted Antiques.
 18496 | D:8      | Bought a scroll labeled BUAFRE ZEAWA for 23 gold pieces
 18496 | D:8      | Bought a scroll labeled QURAITT NEOT for 23 gold pieces
 19027 | D:10     | Killed an unseen horror
 19027 | D:10     | Reached XP level 12. HP: 30/96 MP: 16/16
 19503 | D:10     | Found Qimog's Gadget Shoppe.
 20502 | D:10     | Don't feel like going Hexes.
 21448 | D:11     | Reached skill level 10 in Fighting
 23131 | D:12     | Found Weit Fio's Food Shoppe.
 23391 | D:12     | Noticed a wizard
 23422 | D:12     | Killed a wizard
 23724 | D:12     | Noticed a seven-headed hydra
 24571 | D:12     | Reached skill level 5 in Maces & Flails
 24579 | D:12     | Noticed Urug
 24602 | D:12     | Killed Urug
 26121 | Lair:1   | Entered Level 1 of the Lair of Beasts
 26697 | Lair:1   | Noticed a five-headed hydra
 26698 | Lair:1   | gods
 26722 | Lair:1   | Killed a five-headed hydra
 27430 | Lair:2   | Reached XP level 13. HP: 76/104 MP: 15/17
 27519 | Lair:2   | Found a frozen archway.
 27535 | IceCv    | Entered an ice cave
 29653 | IceCv    | Learned a level 3 spell: Lesser Beckoning
 29703 | IceCv    | Noticed a reaper
 29716 | IceCv    | HP: 4/104 [something (2)]
 29979 | Lair:2   | Reached skill level 10 in Maces & Flails
 30426 | Lair:2   | Reached skill level 10 in Armour
 31985 | Lair:3   | Noticed an eight-headed hydra
 32000 | Lair:3   | Noticed Snorg
 32098 | Lair:2   | Reached skill level 11 in Fighting
 32878 | Lair:3   | Killed an eight-headed hydra
 33007 | Lair:3   | Killed Snorg
 33414 | Lair:3   | Noticed Fannar
 33441 | Lair:2   | Reached skill level 1 in Staves
 33640 | Lair:3   | Killed Fannar
 34340 | Lair:3   | Found a hole to the Spider Nest.
 34916 | Lair:3   | Found a staircase to the Swamp.
 35246 | Lair:3   | Reached XP level 14. HP: 86/113 MP: 18/18
 36548 | Lair:4   | Reached skill level 5 in Staves
 38999 | Lair:6   | Entered Level 6 of the Lair of Beasts
 40629 | Lair:6   | Found a staircase to the Slime Pits.
 40790 | Lair:6   | Reached skill level 12 in Fighting
 40823 | Lair:6   | Reached skill level 10 in Staves
 41171 | Lair:6   | Reached XP level 15. HP: 71/121 MP: 19/19
 41805 | Lair:6   | Found a runed door.
 42906 | Lair:6   | stupid
 44692 | Orc:1    | Entered Level 1 of the Orcish Mines
 45287 | D:10     | Reached skill level 13 in Fighting
 45917 | Orc:1    | Noticed a stone giant
 45942 | Orc:1    | Killed a stone giant
 46764 | Orc:1    | Reached XP level 16. HP: 123/131 MP: 18/20
 47649 | Orc:1    | Got a scorched hand axe
 47651 | Orc:1    | Got a bloodstained short sword
 47654 | Orc:1    | Got a crystal long sword
 47890 | Orc:1    | Identified the +0 short sword of Accidental Termination
                  | {antimagic, MR+} (You found it on level 1 of the Orcish
                  | Mines)
 47892 | Orc:1    | Identified the +1 long sword of Usufeu {freeze, Str+3} (You
                  | found it on level 1 of the Orcish Mines)
 48085 | Orc:2    | Entered Level 2 of the Orcish Mines
 49274 | Orc:2    | Found Ybyt's Armour Boutique.
 49274 | Orc:2    | Found Juidiebb's Armour Emporium.
 49503 | Orc:2    | Found a roughly hewn altar of Beogh.
 49694 | Orc:2    | Found a staircase to the Elven Halls.
 50139 | Orc:2    | Found Emuamm's Antique Armour Boutique.
 50139 | Orc:2    | Found Seammawi's Assorted Antiques.
 50163 | Orc:2    | Found a roughly hewn altar of Beogh.
 50392 | Orc:2    | Bought a pair of embroidered gloves for 255 gold pieces
 50533 | D:10     | screw this.
 50556 | D:10     | Killed Gastronok
 50666 | D:8      | Bought a potion of might for 92 gold pieces
 50666 | D:8      | Bought a potion of agility for 92 gold pieces
 50666 | D:8      | Bought a crude ruby amulet for 115 gold pieces
 50666 | D:8      | Bought a potion of might for 92 gold pieces
 50667 | D:8      | Identified the amulet of Prescription {Faith rElec rPois
                  | rF+} (You bought it in a shop on level 8 of the Dungeon)
 50746 | D:10     | Bought a lamp of fire for 440 gold pieces
 50746 | D:10     | Bought a sack of spiders for 220 gold pieces
 50746 | D:10     | Bought a box of beasts for 220 gold pieces
 50746 | D:10     | Bought a box of beasts for 220 gold pieces
 50746 | D:10     | Bought a lightning rod (4/4) for 440 gold pieces
 50746 | D:10     | Bought a wand of iceblast (10) for 154 gold pieces
 50746 | D:10     | Bought a phial of floods for 440 gold pieces
 50916 | Orc:2    | Bought a pair of boots for 121 gold pieces
 50916 | Orc:2    | Bought a wand of clouds (4) for 324 gold pieces
 51086 | D:12     | Found a burning altar of Makhleb.
 51507 | D:12     | Identified the +8 short sword "Anta" {pierce, *Drain +Blink
                  | +Rage Str+3}
 51513 | D:12     | Noticed a sphinx
 51530 | D:12     | Killed a sphinx
 51665 | D:12     | Reached skill level 14 in Fighting
 51678 | D:12     | Noticed a fire giant
 51735 | D:12     | Killed a fire giant
 52365 | D:13     | Noticed Rupert
 52881 | D:13     | Found a gate to the Vaults.
 53386 | D:13     | Killed Rupert
 53386 | D:13     | Reached skill level 10 in Translocations
 53386 | D:13     | Reached XP level 17. HP: 103/139 MP: 20/22
 53644 | D:13     | Upgraded the game from 0.23-a0-445-g768d57b to
                  | 0.23-a0-446-g036aa52
 54129 | D:14     | Noticed Roxanne
 54197 | D:14     | Found a roughly hewn altar of Beogh.
 54423 | D:14     | Noticed Frances
 54441 | D:14     | Killed Frances
 55108 | D:15     | Entered Level 15 of the Dungeon
 55119 | D:15     | ooops
 55119 | D:15     | ah well.
 55123 | D:15     | Found a labyrinth entrance.
 55495 | D:15     | Found a sparkling altar of Nemelex Xobeh.
 55532 | D:15     | paying attention ...
 56430 | D:15     | Found a staircase to the Depths.
 56853 | D:15     | Learned a level 3 spell: Regeneration
 57400 | Spider:1 | Entered Level 1 of the Spider Nest
 58202 | Lair:3   | hmmm
 59083 | Spider:1 | what am i doing
 59769 | Spider:1 | Reached skill level 5 in Throwing
 60967 | Spider:1 | Reached XP level 18. HP: 146/146 MP: 24/24
 60994 | Spider:1 | HP: 6/146 [spark wasp (9)]
 60994 | Spider:1 | HP: 1/146 [spark wasp (5)]
 60995 | Spider:1 | phhh
 62656 | Spider:2 | Found a runed door.
 63217 | Spider:2 | Upgraded the game from 0.23-a0-446-g036aa52 to
                  | 0.23-a0-448-g1c01f63
 63447 | Spider:2 | Noticed Anypt's ghost (journeyman DsGl)
 65145 | Spider:3 | Reached skill level 10 in Dodging
 67205 | Spider:4 | Entered Level 4 of the Spider Nest
 68199 | Spider:4 | hate them
 68199 | Spider:4 | shit
 68253 | Spider:3 | hate them
 69187 | Spider:4 | Noticed Agnes
 69252 | Spider:3 | Killed Agnes
 69814 | Spider:3 | Reached XP level 19. HP: 112/153 MP: 25/25
 70432 | Spider:4 | shit
 70454 | Spider:4 | Slain by a spark wasp

Vault maps used:
D:1:      lightli_arrival_noodles
D:2:      lemuel_crystal_altar, first_ration
D:3:      overflow_temple_1_default, lemuel_coloured_pillars_altar,
          yredelemnul_altar_generic, uniq_jessica
D:4:      lemuel_crystal_altar, nicolae_overflow_hidden_temple,
          tgw_kikubaaqudgha, uniq_blork_the_orc, uniq_edmund, uniq_eustachio
D:5:      evilmike_ruin_ashenzari, minmay_temple_entry_stoned_glass,
          nicolae_ossuary_entry_monument, st_stairs_1,
          minmay_misc_feat_more_columns, uniq_grinder
D:6:      basic_altar, mrwooster_statue_mirror
D:7:      kennysheep_mini
D:8:      due_lair_maze_entry_diamond, serial_shops, nicolae_shop_behind_doors,
          grunt_livestock
D:9:      minmay_goldmine, overflow_temple_1_default, grunt_temple_overflow_open
D:10:     minmay_evil_eye, orc_0_dummy, serial_shops, shop, uniq_gastronok
D:11:     serial_aquarium, aquarium_bridge_long_separate,
          aquarium_window_corridor_2, aquarium_window_fake,
          aquarium_window_fake, aquarium_view_2e, aquarium_view_2b
D:12:     cross_vault, basic_altar, serial_shops, nicolae_shop_statue_plus,
          uniq_urug
D:13:     erik_vaults_2, uniq_rupert
D:14:     uniq_roxanne, uniq_frances
D:15:     gammafunk_depths_entry_grave, lab_entry_generic, chequers_jeans,
          basic_altar
Lair:2:   kb_forest_paths, portal_ice_cave_entry_imps, minmay_lindwurm_lava
Lair:3:   minmay_swamp_entry_worms, spider_nest_entry_a, wad_woods_01,
          lemuel_fruit_fields, grunt_megastairs_5, infiniplex_staircase_pool,
          serial_bayou_shore_a, lemuel_fruit_fields, uniq_snorg, uniq_fannar
Lair:5:   beast_lair_carwin_large_1, grunt_megastairs_2
Lair:6:   hangedman_lair_in_review, wormcave, minmay_slime_entry_pillars,
          serial_bayou_pond_d
Spider:1: cheibrodos_forgotten_conduit, special_room, spider_trap,
          nicolae_spider_shape
Spider:2: ebering_ghost_inner_flame
Spider:4: spider_rune_water, zaba_anthell, uniq_agnes
Orc:1:    giant_chief_lemuel, library_closet
Orc:2:    st_orc_town, nicolae_orc_lost_temple
IceCv:    ice_cave_small_demon

Skill      XL: |  1  2  3  4  5  6  7  8  9 10 11 12 13 14 15 16 17 18 |
---------------+-------------------------------------------------------+-----
Maces & Flails | 3 4 8 10 | 10.7
Fighting       | 3 4 6 7 9 10 11 12 13 14 | 14.7
Translocations | 4 5 7 9 10 12 | 12.0
Spellcasting   | 3 |  3.0
Charms         | 2 3 |  3.0
Armour         | 2 5 6 8 9 10 12 | 12.2
Short Blades   | 2 |  2.9
Dodging        | 3 6 9 13 | 13.2
Evocations     | 3 5 7 9 |  9.0
Staves         | 3 10 11 12 | 12.5
Throwing       | 6 7 |  7.2

Action                   |  1- 3 |  4- 6 |  7- 9 | 10-12 | 13-15 | 16-18 | 19-21 || total
-------------------------+-------+-------+-------+-------+-------+-------+-------++-------
Melee: Mace              |   149 |   224 |    76 |       |       |       |       ||   449
       Flail             |       |       |   433 |   189 |       |       |       ||   622
       Dagger            |       |       |   102 |   475 |   170 |       |       ||   747
       Dire flail        |       |       |       |   635 |   474 |       |       ||  1109
       Lajatang          |       |       |       |       |  1326 |  2681 |    77 ||  4084
 Fire: Blowgun           |       |       |     2 |    15 |       |       |       ||    17
Throw: Stone             |     9 |     3 |    15 |    16 |    54 |   244 |     9 ||   350
       Tomahawk          |       |       |     5 |       |       |    51 |       ||    56
       Javelin           |       |       |       |       |       |    96 |       ||    96
 Cast: Shroud of Golubri |    14 |    19 |    59 |   141 |   175 |    39 |       ||   447
       Blink             |     1 |     1 |     6 |    12 |     7 |    14 |     2 ||    43
       Teleport Other    |       |     1 |       |    34 |     2 |     7 |       ||    44
       Passage of Golubr |       |       |       |       |       |     7 |       ||     7
Evoke: Wand              |       |       |       |     4 |    19 |    18 |     2 ||    43
       Lamp of fire      |       |       |       |       |       |     4 |       ||     4
       Box of beasts     |       |       |       |       |       |     4 |       ||     4
       Sack of spiders   |       |       |       |       |       |     3 |       ||     3
       Lightning rod     |       |       |       |       |       |     2 |       ||     2
  Use: Scroll            |     1 |     6 |     8 |     8 |    10 |     9 |     3 ||    45
       Potion            |       |       |       |     5 |     7 |    14 |     1 ||    27
 Stab: Petrified         |       |       |       |       |    18 |       |       ||    18
       Paralysed         |       |       |       |       |     7 |     2 |       ||     9
       Petrifying        |       |       |       |       |     1 |       |       ||     1
       Distracted        |       |       |       |       |       |     1 |       ||     1
       Held in net/web   |       |       |       |       |       |     1 |       ||     1
  Eat: Chunk             |     5 |    11 |    16 |    41 |    47 |    35 |     2 ||   157
       Ration            |       |       |     5 |     8 |    11 |    14 |       ||    38
Armor: Leather armour    |    49 |    60 |       |       |       |       |       ||   109
       Ring mail         |       |    25 |   152 |       |       |       |       ||   177
       Scale mail        |       |       |   171 |   287 |       |       |       ||   458
       Chain mail        |       |       |       |   437 |   954 |       |       ||  1391
       Plate armour      |       |       |       |       |   110 |  2051 |    49 ||  2210
       Skin              |       |       |       |       |       |    28 |       ||    28
Dodge: Dodged            |    90 |   165 |   420 |   878 |   997 |  1510 |    48 ||  4108

Table legend:
 A = Non-vault XP
 B = Vault XP
 C = Vault XP percentage of total XP
 D = Non-vault monster count
 E = Vault monster count
 F = Vault count percentage of total count
                 A         B        C        D         E       F
            +---------+---------+-------+---------+---------+-------
      Total |  152590 |  116846 |  43.4 |     786 |     401 |  33.8
            +---------+---------+-------+---------+---------+-------
        D:1 |      45 |       0 |   0.0 |      26 |       0 |   0.0
        D:2 |      74 |       0 |   0.0 |      19 |       0 |   0.0
        D:3 |     325 |     208 |  39.0 |      32 |       2 |   5.9
        D:4 |     542 |     293 |  35.1 |      18 |       2 |  10.0
        D:5 |     691 |       4 |   0.6 |      22 |       2 |   8.3
        D:6 |    1234 |       0 |   0.0 |      34 |       0 |   0.0
        D:7 |     706 |       0 |   0.0 |      20 |       0 |   0.0
        D:8 |    1143 |    2043 |  64.1 |      22 |      15 |  40.5
        D:9 |    1445 |     274 |  15.9 |      25 |      10 |  28.6
       D:10 |    5497 |    3786 |  40.8 |      31 |       7 |  18.4
       D:11 |    6120 |       0 |   0.0 |      57 |       0 |   0.0
       D:12 |    5998 |    7890 |  56.8 |      29 |       9 |  23.7
       D:13 |    3880 |   10033 |  72.1 |      26 |       8 |  23.5
       D:14 |   15724 |    5700 |  26.6 |      42 |      29 |  40.8
       D:15 |    6595 |    2272 |  25.6 |      24 |       5 |  17.2
     Lair:1 |    2741 |       0 |   0.0 |      11 |       0 |   0.0
     Lair:2 |    5383 |    2257 |  29.5 |      25 |      23 |  47.9
     Lair:3 |    5994 |    5302 |  46.9 |      26 |      12 |  31.6
     Lair:4 |    3573 |     211 |   5.6 |      11 |       1 |   8.3
     Lair:5 |   13327 |    4810 |  26.5 |      38 |      10 |  20.8
     Lair:6 |   10412 |   16131 |  60.8 |      35 |      41 |  53.9
   Spider:1 |   16726 |   11840 |  41.4 |      57 |      43 |  43.0
   Spider:2 |   11331 |       0 |   0.0 |      27 |       0 |   0.0
   Spider:3 |   12452 |    8135 |  39.5 |      35 |      26 |  42.6
   Spider:4 |    8628 |   12681 |  59.5 |      26 |      56 |  68.3
      Orc:1 |    5578 |   12670 |  69.4 |      26 |      27 |  50.9
      Orc:2 |    6426 |    7287 |  53.1 |      42 |      59 |  58.4
      IceCv |       0 |    3019 | 100.0 |       0 |      14 | 100.0
            +---------+---------+-------+---------+---------+-------
